 Dungeon Crawl Stone Soup version 0.28-a0-1518-gbe868bca14 (webtiles) character file.

Game seed: 11630358583635337770

117 hashsling the Magician (level 4, -2/24 HPs)
             Began as a Deep Elf Conjurer on Jan 16, 2022.
             Slain by Grinder (5 damage)
             ... while paralysed by Grinder
             ... on level 3 of the Dungeon.
             The game lasted 00:09:03 (2801 turns).

hashsling the Magician (Deep Elf Conjurer)          Turns: 2801, Time: 00:09:04

Health: -2/24      AC:  5    Str:  4    XL:     4   Next: 71%
Magic:  4/14       EV:  2    Int: 25    God:
Gold:   80         SH:  0    Dex: 13    Spells: 2/16 levels left

rFire   . . .      SeeInvis .   m - +1 dagger (speed)
rCold   . . .      Faith    .   (no shield)
rNeg    . . .      Spirit   .   c - +0 robe
rPois   .          Reflect  .   b - +0 helmet
rElec   .          Harm     .   (no cloak)
rCorr   .          Rampage  .   (no gloves)
Will    .....                   e - +1 pair of boots
Stlth   ++........              (no amulet)
HPRegen 0.08/turn               (no ring)
MPRegen 0.14/turn               (no ring)

@: paralysed
A: no striking features
a: no special abilities


You were on level 3 of the Dungeon.
You visited 1 branch of the dungeon, and saw 3 of its levels.

You collected 80 gold pieces.

Inventory:

Hand Weapons
 m - a +1 dagger of speed (weapon)
Missiles
 j - 5 curare-tipped darts
Armour
 b - a +0 helmet (worn)
 c - a +0 robe (worn)
 e - a +1 pair of boots (worn)
Scrolls
 d - 2 scrolls of identify {unknown}
 f - a scroll of immolation {unknown}
 i - a scroll of torment {unknown}
 k - a scroll of enchant weapon {unknown}
 l - a scroll of fog {unknown}
Potions
 a - a potion of heal wounds {unknown}
 g - a potion of ambrosia {unknown}
 h - a potion of invisibility {unknown}
 n - a potion of mutation {unknown}
 o - a potion of resistance {unknown}


   Skills:
 - Level 2.4 Dodging
 - Level 2.4 Stealth
 * Level 6.6 Spellcasting
 - Level 4.3 Conjurations
 + Level 0.9 Hexes


You had 2 spell levels left.
You knew the following spells:

 Your Spells              Type           Power      Damage    Failure   Level
a - Magic Dart            Conj           100%       1d8       1%          1
b - Searing Ray           Conj           60%        2d6       1%          2
c - Dazzling Flash        Conj/Hex       42%        N/A       7%          3
d - Fulminant Prism       Conj/Hex       10%        3d9       22%         4
e - Iskenderun's Mystic   Conj/Tloc      19%        2d6       28%         4

Your spell library contained the following spells:

 Spells                   Type           Power      Damage    Failure   Level


Dungeon Overview and Level Annotations

Branches:
Dungeon (3/15)

Altars:
Kikubaaqudgha

Shops:
D:1 :

Annotations:
D:3 1 runed translucent door, Crazy Yiuf, Grinder


Message History

Press: ? - help, Dir - move target, p - Grinder You conjure a prism of explosive energy!
A fulminant prism comes into view.
Grinder blinks!
Your fulminant prism crackles loudly.
Grinder hits your fulminant prism.
Your fulminant prism explodes!
The blast of energy engulfs Grinder!
Grinder is heavily wounded.
The blast of energy engulfs you!
Ouch! That really hurt!
* * * LOW HITPOINT WARNING * * *
You hear a shout!
You hear an angry hiss.
You hear a shout!
You hear an angry hiss.
You hear a shout!
Aiming: Magic Dart (safe; 1% risk of failure)
Press: ? - help, Q - select action, (/) - cycle Shift-Dir - straight line, f - Grinder
Aim: Grinder (heavily wounded, 100% to hit)
The magic dart hits Grinder!
Grinder is heavily wounded.
Aiming: Magic Dart (safe; 1% risk of failure)
Press: ? - help, Q - select action, (/) - cycle Shift-Dir - straight line, f/p - Grinder
Aim: Grinder (heavily wounded, 100% to hit)
The magic dart hits Grinder.
Grinder is severely wounded.
Grinder hits you but does no damage.
Aiming: Magic Dart (safe; 1% risk of failure)
Press: ? - help, Q - select action, (/) - cycle Shift-Dir - straight line, f/p - Grinder
Aim: Grinder (severely wounded, 100% to hit)
The magic dart hits Grinder.
Grinder is severely wounded.
Grinder hits you but does no damage.
Aiming: Magic Dart (safe; 1% risk of failure)
Press: ? - help, Q - select action, (/) - cycle Shift-Dir - straight line, f/p - Grinder
Aim: Grinder (severely wounded, 100% to hit)
The magic dart hits Grinder.
Grinder is severely wounded.
Grinder gestures at you.
You suddenly lose the ability to move!
Grinder hits you.
You die...

####......# ...#......#
..........########
........#.........
........###############
.......................
<>..................#
...###########....#.#
#### #.5@.# # #..)...#
♣ #......# ♣ #......#
...##..# ....# #.#
...... .. #.#### ..#


You could see Grinder.

Vanquished Creatures
  Terence (D:2)
  Robin (D:2)
  An adder (D:3)
  2 worms
  2 dart slugs
  4 endoplasms
  3 giant cockroaches
  13 goblins
  6 hobgoblins
  A quokka (D:1)
  9 ball pythons
  6 bats
  2 frilled lizards (D:1)
  6 kobolds
  6 rats
63 creatures vanquished.

Vanquished Creatures (others)
  2 fulminant prisms (D:3)
  2 plants (D:3)
4 creatures vanquished.

Grand Total: 67 creatures vanquished

Notes
Turn   | Place    | Note
-------+----------+-------------------------------------------
     0 | D:1      | hashsling the Deep Elf Conjurer began the quest for the
                  | Orb.
     0 | D:1      | Reached XP level 1. HP: 10/10 MP: 6/6
   250 | D:1      | Reached skill level 4 in Spellcasting
   250 | D:1      | Reached XP level 2. HP: 15/15 MP: 7/9
   253 | D:1      | Learned a level 2 spell: Searing Ray
   275 | D:1      | Found a faded altar of an unknown god.
   451 | D:1      | Found Icokk's Book Emporium.
   869 | D:1      | Reached XP level 3. HP: 14/19 MP: 3/11
   873 | D:1      | Learned a level 3 spell: Dazzling Flash
  1054 | D:1      | Reached skill level 5 in Spellcasting
  1212 | D:2      | Found an ancient bone altar of Kikubaaqudgha.
  1319 | D:2      | Noticed Robin
  1398 | D:2      | Killed Robin
  1964 | D:2      | Noticed Terence
  1975 | D:2      | Killed Terence
  1976 | D:2      | Reached skill level 6 in Spellcasting
  1976 | D:2      | Reached XP level 4. HP: 24/24 MP: 1/14
  1982 | D:2      | Learned a level 4 spell: Fulminant Prism
  1987 | D:2      | Learned a level 4 spell: Iskenderun's Mystic Blast
  2664 | D:3      | Noticed Grinder
  2684 | D:3      | Found a runed translucent door.
  2685 | D:3      | Noticed Crazy Yiuf
  2800 | D:3      | Paralysed by Grinder for 2 turns
  2801 | D:3      | Slain by Grinder

Illustrated notes

Levels and vault maps discovered:
D:1:      amcnicky_arrival_gap_in_the_tavern_cellar, layout_basic,
          hellmonk_ecumenical_altar_lost_god, serial_shops, shop,
          minmay_misc_feat_columns
D:2:      layout_loops_corners, basic_altar, uniq_robin, uniq_terence
D:3:      layout_basic, serial_bayou_pond_b, uniq_grinder,
          uniq_crazy_yiuf_cottage

Skill      XL: |  1  2  3 |
---------------+----------+-----
Spellcasting   | 4 6 |  6.6
Dodging        | |  2.4
Stealth        | |  2.4
Conjurations   | |  4.3
Hexes          | |  0.9

Action                   |  1- 3 |  4- 6 || total
-------------------------+-------+-------++-------
Melee: Short sword       |     4 |       ||     4
 Cast: Magic Dart        |    96 |    30 ||   126
       Searing Ray       |     2 |       ||     2
       Fulminant Prism   |       |     2 ||     2
Armor: Robe              |     3 |     2 ||     5
Dodge: Dodged            |     9 |     1 ||    10

Table legend: (Time is in decaauts)
 A = Elapsed time spent in this place.
 B = Non-inter-level travel time spent in this place.
 C = Inter-level travel time spent in this place.
 D = Time resting spent in this place.
 E = Time spent auto-exploring this place.
 F = Levels seen in this place.
 G = Mean time per level.
                   A        B        C        D        E       F      G
               +--------+--------+--------+--------+--------+-----+--------+
         Total |   2804 |   2750 |     54 |     35 |   2281 |   3 |  934.7 |
       Dungeon |   2804 |   2750 |     54 |     35 |   2281 |   3 |  934.7 |
               +--------+--------+--------+--------+--------+-----+--------+

Top non-repeatable levels by time:
     D:2: 1430 daAuts
     D:1: 1086 daAuts
     D:3: 286 daAuts
